 Dungeon Crawl Stone Soup version 0.18.1-48-g4cf74bf (webtiles) character file.

63807 mopl the Grand Gadgeteer (level 15, -3/83 HPs)
             Began as a Vine Stalker Wanderer on Aug 30, 2016.
             Was the Champion of Pakellas.
             Slain by a warg (12 damage)
             ... led by an orc warlord
             ... on level 1 of the Orcish Mines on Aug 31, 2016.
             The game lasted 01:04:25 (22239 turns).

mopl the Grand Gadgeteer (Vine Stalker Wanderer)   Turns: 22239, Time: 01:04:25

Health: -3/83      AC: 12    Str: 17    XL:     15   Next: 10%
Magic:  0/26       EV: 10    Int: 14    God:    Pakellas [******]
Gold:   1652       SH:  0    Dex: 18    Spells: 2 memorised, 12 levels left

rFire  . . .     SeeInvis +     a - +2 great sword
rCold  + . .     Gourm    .     G - +4 ring mail {rPois}
rNeg   . . .     Faith    .     (shield currently unavailable)
rPois  +         Spirit   +     i - +1 helmet {SInv}
rElec  .         Dismiss  .     v - +0 cloak
rCorr  .         Reflect  .     (no gloves)
SustAt .         Harm     .     (no boots)
MR     +....                    (no amulet)
Stlth  ++++......               O - +2 ring of slaying
                                X - ring of protection from cold

@: somewhat resistant to hostile enchantments, stealthy
A: fangs 3, regeneration 3, strong 1, magic shield, antimagic bite, no device
heal 3, rot immunity
a: Quick Charge, Device Surge, Supercharge, Renounce Religion


You were on level 1 of the Orcish Mines.
You worshipped Pakellas.
Pakellas was exalted by your worship.
You were not hungry.

You visited 4 branches of the dungeon, and saw 23 of its levels.

You collected 1975 gold pieces.
You spent 323 gold pieces at shops.

Inventory:

Hand Weapons
 a - a +2 great sword (weapon)
 b - a +0 dagger of draining
Missiles
 q - a throwing net
 w - 8 steel tomahawks
 y - 36 tomahawks (quivered)
 U - 10 poisoned needles
Armour
 i - a +1 helmet of see invisible (worn)
 n - a +1 scale mail of fire resistance
 u - a +2 leather armour of fire resistance
 v - a +0 cloak (worn)
 G - a +4 ring mail of poison resistance (worn)
Rods
 p - a +9 rod of ignition (17/17) {!a}
   (Pakellas gifted it to you on level 1 of the Lair of Beasts)
Jewellery
 F - an uncursed ring of positive energy
 O - a +2 ring of slaying (right hand)
 X - a ring of protection from cold (left hand)
Wands
 B - a wand of polymorph (15/24)
 D - a wand of disintegration (6/24)
 J - a wand of enslavement (10/24)
 L - a wand of lightning (4/15)
 N - a wand of paralysis (21/24)
 P - a wand of lightning (7/15)
 Q - a wand of confusion (33/48)
Scrolls
 j - 7 scrolls of remove curse
 k - 2 scrolls of fear {unknown}
 r - 5 scrolls of immolation {unknown}
 s - 2 scrolls of magic mapping
 z - 3 scrolls of enchant armour {unknown}
 A - 3 scrolls of random uselessness {unknown}
 C - 3 scrolls of noise {unknown}
 M - 4 scrolls of teleportation {unknown}
Potions
 f - 5 potions of haste
 g - 13 potions of curing
 l - 3 potions of lignification {!q}
 m - 4 potions of magic
 t - 2 potions of degeneration {unknown}
 E - 3 potions of ambrosia
 I - 2 potions of agility
 K - 2 potions of resistance {!q}
 V - a potion of berserk rage {!q}
 Y - 2 potions of might
 Z - 4 potions of flight
Miscellaneous
 c - a plain deck of defence {drawn: 4}
 e - an ornate deck of wonders
 o - a box of beasts
 x - a phial of floods
 T - a lamp of fire
Comestibles
 d - 15 bread rations
 h - 8 chunks of flesh


   Skills:
 + Level 11.2 Fighting
 * Level 13.8 Long Blades
   Level 1.7 Polearms
 - Level 2.1 Throwing
 + Level 0.4 Armour
 + Level 0.0 Dodging
 + Level 10.4 Stealth
   Level 1.0 Shields
 - Level 1.1 Spellcasting
 - Level 1.0 Charms
   Level 1.0 Translocations
 * Level 14.0 Evocations


You had 12 spell levels left.
You knew the following spells:

 Your Spells              Type           Power        Failure   Level  Hunger
i - Repel Missiles        Chrm/Air       #.....       69%         2    ###....
n - Swiftness             Chrm/Air       #.......     69%         2    ###....


Dungeon Overview and Level Annotations

Branches:
Dungeon (12/15)            Temple (1/1) D:7            Lair (8/8) D:8
  Swamp (0/4) Lair:5       Spider (0/4) Lair:6        Slime (0/6) Lair:8
    Orc (2/2) D:9             Elf (0/3) Orc:2

Altars:
Ashenzari
Dithmenos
Elyvilon
Fedhas
Gozag
Kikubaaqudgha
Makhleb
Nemelex Xobeh
Okawaru
Pakellas
Qazlal
Sif Muna
Trog
Vehumet
Xom
Yredelemnul
Zin
The Shining One
Jiyva

Shops:
D:4 [   D:8 :!%   D:9 (   D:10 %

Portals:
Trove: D:11 (give 5 potions of resistance)


Innate Abilities, Weirdness & Mutations

You have razor-sharp teeth.
You regenerate.
When hurt, damage is shared between your health and your magic reserves.
Your bite disrupts and absorbs the magic of your enemies.
Potions and wands cannot restore your health.
You are immune to rotting.
Your muscles are strong. (Str +2)


Message History

The warg bites you!
* * * LOW HITPOINT WARNING * * *
The orc hits you but does no damage. x2; The warg bites you!
* * * LOW HITPOINT WARNING * * *
The orc hits you but does no damage.
You climb upwards.
There is a stone staircase leading down here.
Unknown command.
The orc barely misses you. The warg barely misses you.
The orc barely misses you. The orc hits you with a flail!
* * * LOW HITPOINT WARNING * * *
Unknown command.
The orc hits you but does no damage. The warg bites you.
* * * LOW HITPOINT WARNING * * *
Unknown command.
The orc barely misses you.
Unknown command.
The warg bites you!
You die...
Pakellas says: Time to find a new assistant...

#....)............##
##..#........^#..##
#####...........##
###............#
##..............##
#..........#o....#
##.......>o.....##
##..........oo..#### ####
#..........hoh@..#.####..##
#...................#.....#
##.......................##
#....#..............)...#
##.).............#.##...#
##.......##......####.##
#......#.##...#.## ###
##.#.##...##.##.##
######....###...#


You could see 2 wargs, an orc warrior and 4 orcs.

Vanquished Creatures
  Maud (Lair:5)
  An orc warlord (D:9)
  A dire elephant (Lair:8)
  Snorg (Lair:8)
  Josephine (Lair:7)
  4 hydras
  A catoblepas (Lair:8)
  8 death yaks
  A deep troll shaman (Lair:8)
  2 orc high priests (Orc:2)
  2 hill giants
  2 orc sorcerers
  6 orc knights
  A manticore (D:12)
  A griffon (Lair:8)
  18 elephants
  6 black mambas
  Joseph (D:8)
  9 komodo dragons
  13 spiny frogs
  4 rime drakes
  2 trolls (Orc:2)
  2 jumping spiders (Lair:6)
  2 polar bears
  A two-headed ogre (Orc:1)
  7 blink frogs
  A redback (Lair:6)
  5 wraiths
  Sigmund (D:2)
  3 wyverns
  A basilisk (Lair:5)
  28 yaks
  9 hippogriffs
  Grum (D:9)
  A steam dragon (Lair:8)
  3 vampire mosquitoes (Lair:5)
  Menkaure (D:7)
  The ghost of Bodigarde the Charmwright, an amateur HESk (D:4)
  2 wargs
  19 water moccasins
  13 porcupines
  A necrophage (D:11)
  40 orc warriors
  4 ice beasts
  3 sky beasts
  2 black bears
  8 ogres
  3 centaurs
  12 wolves
  15 crocodiles
  9 giant frogs
  A gnoll sergeant (D:12)
  5 scorpions
  6 killer bees
  7 wights
  4 electric eels
  3 howler monkeys (D:8)
  A centaur zombie (D:8)
  4 crimson imps
  A quasit (D:6)
  9 hounds
  2 jellies
  A centaur skeleton (D:9)
  25 orc priests
  4 giant frog skeletons
  A gnoll shaman (D:4)
  Terence (D:1)
  12 orc wizards
  11 worker ants
  7 iguanas
  21 sheep
  A hound zombie (D:9)
  A hound skeleton (D:5)
  13 adders
  19 gnolls
  27 river rats
  4 shadow imps
  3 adder skeletons
  3 worms
  4 dart slugs
  13 giant geckos
  74 orcs
  A ball python (D:6)
  7 giant cockroaches
  8 goblins
  5 hobgoblins
  6 jackals
  3 quokkas
  7 bats
  7 giant newts
  12 kobolds
  2 rats
  2 fungi
  A plant (Lair:7)
633 creatures vanquished.

Vanquished Creatures (collateral kills)
  4 death yaks (Lair:8)
  A wolf (Lair:8)
5 creatures vanquished.

Vanquished Creatures (others)
  5 fungi
  5 plants
10 creatures vanquished.

Grand Total: 648 creatures vanquished

Notes
Turn   | Place    | Note
--------------------------------------------------------------
     0 | D:1      | mopl the Vine Stalker Wanderer began the quest for the Orb.
     0 | D:1      | mopl set off with: a +2 spear, a +0 falchion, a +0 robe, a bread ration
     0 | D:1      | Reached XP level 1. HP: 11/11 MP: 3/3
   128 | D:1      | Reached XP level 2. HP: 15/16 MP: 4/4
   605 | D:1      | Reached skill level 1 in Stealth
   638 | D:1      | Reached skill level 1 in Long Blades
   828 | D:2      | Noticed Terence
   841 | D:2      | Reached XP level 3. HP: 17/19 MP: 5/5
  1005 | D:1      | Killed Terence
  1228 | D:2      | Reached skill level 3 in Fighting
  1274 | D:2      | Reached XP level 4. HP: 22/24 MP: 4/6
  1286 | D:2      | Noticed Sigmund
  1319 | D:3      | Found a basalt altar of Yredelemnul.
  1322 | D:3      | Reached skill level 2 in Throwing
  1386 | D:3      | Reached skill level 2 in Long Blades
  1386 | D:3      | Reached skill level 2 in Stealth
  1656 | D:3      | Reached XP level 5. HP: 27/28 MP: 7/7
  2056 | D:3      | Found a glowing silver altar of Zin.
  2211 | D:4      | Found a blossoming altar of Fedhas.
  2257 | D:4      | Reached skill level 3 in Long Blades
  2321 | D:4      | Reached skill level 3 in Stealth
  2321 | D:4      | Gained mutation: You heal very quickly. [Vine Stalker growth]
  2321 | D:4      | Reached XP level 6. HP: 27/32 MP: 8/8
  2417 | D:4      | Found Yrrilar's Antique Armour Shop.
  2420 | D:4      | Bought a glowing ring mail for 76 gold pieces
  2481 | D:4      | Noticed Bodigarde's ghost (amateur HESk)
  2520 | D:4      | Killed Bodigarde's ghost
  2520 | D:4      | Reached skill level 4 in Fighting
  2520 | D:4      | Reached skill level 4 in Long Blades
  2520 | D:4      | Reached skill level 4 in Stealth
  2520 | D:4      | Reached XP level 7. HP: 30/37 MP: 7/9
  2907 | D:5      | Entered Level 5 of the Dungeon
  3230 | D:5      | Reached skill level 5 in Long Blades
  3230 | D:5      | Reached skill level 5 in Stealth
  3490 | D:5      | Found a sparkling altar of Nemelex Xobeh.
  3492 | D:5      | Found a stormy altar of Qazlal.
  3496 | D:5      | Found an ancient bone altar of Kikubaaqudgha.
  3496 | D:5      | Found a deep blue altar of Sif Muna.
  3496 | D:5      | Found a shattered altar of Ashenzari.
  3497 | D:5      | Found a shadowy altar of Dithmenos.
  3499 | D:5      | Found a glowing golden altar of the Shining One.
  3500 | D:5      | Found an iron altar of Okawaru.
  3646 | D:5      | Reached skill level 1 in Evocations
  3646 | D:5      | Gained mutation: You have razor-sharp teeth. [Vine Stalker growth]
  3646 | D:5      | Reached XP level 8. HP: 42/42 MP: 10/10
  4111 | D:6      | Reached skill level 5 in Fighting
  4111 | D:6      | Reached skill level 2 in Evocations
  4178 | D:6      | Reached skill level 6 in Stealth
  4416 | D:6      | Reached skill level 3 in Evocations
  4724 | D:7      | Found a burning altar of Makhleb.
  4843 | D:7      | Noticed Menkaure
  4857 | D:7      | Killed Menkaure
  4857 | D:7      | Reached XP level 9. HP: 22/47 MP: 7/12
  4942 | D:7      | Reached skill level 6 in Long Blades
  4942 | D:7      | Reached skill level 4 in Evocations
  5183 | D:7      | Found a staircase to the Ecumenical Temple.
  5277 | Temple   | Entered the Ecumenical Temple
  5421 | Temple   | Became a worshipper of Pakellas the Inventive
  6041 | D:2      | Reached skill level 7 in Stealth
  6066 | D:2      | Killed Sigmund
  6229 | D:2      | Reached * piety under Pakellas
  6229 | D:2      | Received a gift from Pakellas
  6585 | D:8      | Found Niepsuxi's Distillery.
  6589 | D:8      | Bought a potion of curing for 33 gold pieces
  6589 | D:8      | Bought a potion of mutation for 27 gold pieces
  6589 | D:8      | Bought a potion of might for 44 gold pieces
  6589 | D:8      | Bought a potion of flight for 33 gold pieces
  6688 | D:8      | Learned a level 2 spell: Repel Missiles
  6691 | D:8      | Learned a level 2 spell: Swiftness
  6693 | D:8      | Found Kyosoel's Food Boutique.
  6752 | D:8      | Found a staircase to the Lair.
  6753 | D:8      | Noticed an elephant
  6782 | D:8      | Killed an elephant
  6782 | D:8      | Reached skill level 6 in Fighting
  6782 | D:8      | Reached skill level 5 in Evocations
  6822 | Lair:1   | Entered Level 1 of the Lair of Beasts
  6869 | D:8      | Found Perydusm's Book Shoppe.
  6986 | D:8      | Got a dazzling ring mail
  6997 | D:8      | Identified the +1 ring mail of Makhleb's Generosity {Int+5} (You found it on level 8 of the Dungeon)
  7122 | D:8      | Noticed Joseph
  7137 | D:8      | Killed Joseph
  7137 | D:8      | Reached skill level 8 in Stealth
  7137 | D:8      | Reached skill level 6 in Evocations
  7175 | D:8      | Reached XP level 10. HP: 51/53 MP: 15/15
  7294 | D:8      | Reached ** piety under Pakellas
  7294 | D:8      | Received a gift from Pakellas
  7565 | D:9      | Found a staircase to the Orcish Mines.
  7618 | D:9      | Noticed Grum
  7819 | D:9      | Killed Grum
  7819 | D:9      | Reached skill level 7 in Long Blades
  7883 | D:9      | Found a shattered altar of Ashenzari.
  7886 | D:9      | Found Hoamoez's Weapon Boutique.
  8005 | D:9      | Reached skill level 7 in Evocations
  8035 | D:9      | Reached skill level 9 in Stealth
  8370 | D:9      | Reached *** piety under Pakellas
  8370 | D:9      | Received a gift from Pakellas
  8371 | D:9      | Reached skill level 7 in Fighting
  8616 | D:10     | Entered Level 10 of the Dungeon
  8761 | D:10     | Noticed a hill giant
  8783 | D:10     | Killed a hill giant
  8783 | D:10     | Reached skill level 8 in Evocations
  8995 | D:10     | Reached XP level 11. HP: 57/58 MP: 18/18
  9126 | D:10     | Found an iron altar of Okawaru.
  9243 | D:10     | Found Bisiph's Food Emporium.
  9400 | D:10     | Reached **** piety under Pakellas
  9400 | D:10     | Received a gift from Pakellas
  9509 | D:10     | Reached skill level 8 in Long Blades
  9509 | D:10     | Reached skill level 10 in Stealth
  9855 | D:11     | Reached skill level 9 in Evocations
 10065 | D:11     | Noticed a hill giant
 10078 | D:11     | Killed a hill giant
 10125 | D:11     | Found a basalt altar of Yredelemnul.
 10136 | D:11     | Found a portal to a secret trove of treasure.
 10409 | D:12     | Noticed a manticore
 10415 | D:12     | Killed a manticore
 10476 | D:12     | Noticed a skeletal warrior
 10693 | D:8      | Bought a potion of haste for 110 gold pieces
 10741 | Lair:1   | Gained mutation: Your muscles are strong. (Str +2) [potion of beneficial mutation]
 10803 | Lair:1   | Reached skill level 9 in Long Blades
 10827 | Lair:1   | Reached skill level 8 in Fighting
 10945 | Lair:1   | Reached ***** piety under Pakellas
 10945 | Lair:1   | Received a gift from Pakellas
 11064 | Lair:1   | Identified a +4 rod of ignition (12/12) {!a} (Pakellas gifted it to you on level 1 of the Lair of Beasts)
 11593 | Lair:2   | Gained mutation: You regenerate. [Vine Stalker growth]
 11593 | Lair:2   | Reached XP level 12. HP: 53/65 MP: 13/20
 11650 | Lair:2   | Reached skill level 10 in Evocations
 12005 | Lair:2   | Reached skill level 10 in Long Blades
 12036 | Lair:2   | Noticed a six-headed hydra
 12166 | Lair:2   | Noticed an eight-headed hydra
 12174 | Lair:2   | Killed an eight-headed hydra
 12308 | Lair:2   | Killed a six-headed hydra
 12430 | Lair:3   | Noticed an eight-headed hydra
 12438 | Lair:3   | Killed an eight-headed hydra
 12667 | Lair:3   | Reached skill level 11 in Evocations
 12685 | Lair:3   | Reached skill level 9 in Fighting
 13838 | Lair:4   | Reached XP level 13. HP: 64/70 MP: 20/22
 13933 | Lair:4   | Reached skill level 11 in Long Blades
 13952 | Lair:4   | Identified the Guide on the Destructive Oath (You found it on level 4 of the Lair of Beasts)
 14555 | Lair:5   | Found a staircase to the Swamp.
 14919 | Lair:5   | Noticed Maud
 14940 | Lair:5   | Killed Maud
 15323 | Lair:4   | Reached ****** piety under Pakellas
 15608 | Lair:6   | Reached skill level 12 in Evocations
 15717 | Lair:6   | Found a hole to the Spider Nest.
 16725 | Lair:6   | Reached skill level 12 in Long Blades
 16994 | Lair:7   | Noticed Josephine
 17010 | Lair:7   | Killed Josephine
 17010 | Lair:7   | Reached skill level 10 in Fighting
 17713 | Lair:8   | Entered Level 8 of the Lair of Beasts
 17713 | Lair:8   | Noticed Snorg
 17719 | Lair:8   | Killed Snorg
 17719 | Lair:8   | Reached XP level 14. HP: 75/77 MP: 24/24
 17894 | Lair:8   | Reached skill level 13 in Evocations
 17965 | Lair:8   | Found a staircase to the Slime Pits.
 17965 | Lair:8   | Found a viscous altar of Jiyva.
 18677 | Lair:8   | Reached skill level 13 in Long Blades
 18785 | Lair:8   | Noticed a dire elephant
 18831 | Lair:8   | Killed a dire elephant
 18880 | Lair:8   | Got a coiled iron ring
 18882 | Lair:8   | Identified the ring of Cewkitiyd {rPois Str+4 Int+5 Dex-5} (You found it on level 8 of the Lair of Beasts)
 18893 | Lair:8   | Got a smoking battleaxe
 18894 | Lair:8   | Identified the +2 battleaxe of Truncation {chop, *Contam rElec rPois rN+} (You found it on level 8 of the Lair of Beasts)
 19454 | Orc:1    | Entered Level 1 of the Orcish Mines
 19474 | Orc:1    | Noticed an orc warlord
 19481 | D:9      | HP: 3/77 [orc warrior/trident[an orc warlord] (4)]
 19854 | D:9      | Killed an orc warlord
 20144 | Orc:2    | Entered Level 2 of the Orcish Mines
 20144 | Orc:2    | Found a staircase to the Elven Halls.
 20667 | Orc:1    | Reached skill level 11 in Fighting
 21704 | Orc:2    | Reached XP level 15. HP: 56/82 MP: 14/26
 21985 | Orc:2    | Reached skill level 14 in Evocations
 22103 | Orc:2    | Noticed an orc warlord
 22239 | Orc:1    | Slain by a warg

Skill      XL: |  1  2  3  4  5  6  7  8  9 10 11 12 13 14 15 |
---------------+----------------------------------------------+-----
Stealth        | 1 2 3 4 5 6 8 9 10 | 10.4
Long Blades    | 1 2 3 4 5 6 7 9 10 12 13 | 13.8
Fighting       | 3 4 5 6 7 8 9 10 11 | 11.2
Throwing       | 2 |  2.1
Evocations     | 1 3 6 8 9 11 12 13 14 | 14.0
Polearms       | |  1.7
Armour         | |  0.4
Shields        | |  1.0
Spellcasting   | |  1.1
Charms         | |  1.0
Translocations | |  1.0

Action                   |  1- 3 |  4- 6 |  7- 9 | 10-12 | 13-15 || total
-------------------------+-------+-------+-------+-------+-------++-------
Melee: Spear             |   121 |   172 |    26 |       |       ||   319
       Bite              |    25 |    50 |    98 |   276 |   370 ||   819
       Trident           |       |       |   309 |   377 |       ||   686
       Dagger            |       |       |     8 |     5 |    54 ||    67
       Great sword       |       |       |       |   391 |   938 ||  1329
       Lajatang          |       |       |       |    15 |       ||    15
       Unarmed           |       |       |       |       |    16 ||    16
Throw: Tomahawk          |       |       |       |       |     2 ||     2
Invok: Device Surge      |       |       |       |     2 |    13 ||    15
       Quick Charge      |       |       |       |     1 |     6 ||     7
Evoke: Wand              |       |       |     4 |    24 |    47 ||    75
       Rod               |       |       |       |     5 |     4 ||     9
       Deck              |       |       |       |       |     4 ||     4
       Lamp of fire      |       |       |       |       |     1 ||     1
  Use: Scroll            |       |       |       |    12 |     7 ||    19
       Potion            |       |       |       |     1 |     3 ||     4
 Stab: Sleeping          |     5 |       |    15 |    22 |    22 ||    64
       Confused          |       |       |     2 |     2 |     1 ||     5
       Distracted        |       |       |     1 |     2 |     2 ||     5
       Paralysed         |       |       |       |    22 |    80 ||   102
  Eat: Chunk             |     1 |     4 |    15 |    26 |    30 ||    76
       Pizza             |       |       |       |       |     1 ||     1
       Beef jerky        |       |       |       |       |     1 ||     1
Armor: Robe              |    13 |       |       |       |       ||    13
       Skin              |     2 |       |       |       |       ||     2
       Ring mail         |     1 |    71 |   179 |   368 |   357 ||   976
Dodge: Dodged            |    50 |    53 |   184 |   420 |   509 ||  1216
